 Dungeon Crawl Stone Soup version 0.30.0-29-ga12c61a403 (webtiles) character file.

Game seed: 9086808441750098019

13000 sweetbreads the Geomancer (level 12, -1/73 HPs)
             Began as a Gargoyle Earth Elementalist on June 6, 2023.
             Was an Initiate of Gozag.
             Slain by an ice beast (12 damage)
             ... summoned by an ice statue
             ... in an ice cave.
             The game lasted 00:51:18 (12413 turns).

sweetbreads the Geomancer (GrEE)                   Turns: 12413, Time: 00:51:19

Health: -1/73      AC: 18    Str: 13    XL:     12   Next: 1%
Magic:  11/18      EV: 14    Int: 20    God:    Gozag
Gold:   1262       SH:  5    Dex: 10    Spells: 10/19 levels left

rFire   . . .        a - +1 whip (flame)
rCold   . . .        (no shield)
rNeg    + . .        K - +0 robe
rPois   ∞            t - +2 helmet
rElec   +            r - +1 cloak
rCorr   .            C - +1 pair of gloves
SInv    .            E - +0 pair of boots
Will    +....        m - amulet of reflection
Stlth   ++           v - ring of willpower
HPRegen 0.32/turn    (no ring)
MPRegen 0.16/turn

%: reflection
@: no status effects
A: sickness immunity, AC +8, negative energy resistance 1, electricity
resistance, torment resistance 1, petrification resistance
a: Renounce Religion, Potion Petition, Call Merchant, Bribe Branch


You were in an ice cave.
You worshipped Gozag.
Gozag was most pleased with you.
You visited 3 branches of the dungeon, and saw 12 of its levels.
You also visited: Ice Cave.

You collected 1713 gold pieces.
You spent 324 gold pieces at shops.
You paid 127 gold pieces to Gozag.

Inventory:

Hand Weapons
 a - a +1 whip of flaming (weapon)
 b - the +7 rapier of Nohahu Zeter {flame, +Blink}
   (You found it in an ice cave)

   +Blink:    It lets you blink.
 c - a +2 dagger of holy wrath
 F - a +1 dagger of electrocution
 G - a +2 flail of protection
 H - a +0 long sword of holy wrath
Missiles
 d - 25 poisoned darts (quivered)
 y - a throwing net
 B - 5 datura-tipped darts
Armour
 r - a +1 cloak (worn)
 t - a +2 helmet (worn)
 C - a +1 pair of gloves (worn)
 E - a +0 pair of boots (worn)
 K - a +0 robe (worn)
Jewellery
 h - a ring of protection from fire
 m - an amulet of reflection (around neck)
 v - a ring of willpower (left hand)
 A - an amulet of magic regeneration
Wands
 o - a wand of paralysis (5)
 D - a wand of acid (4)
 N - a wand of flame (40)
Scrolls
 e - a scroll of enchant weapon
 f - a scroll of poison
 j - 3 scrolls of fog
 k - a scroll of teleportation
 w - a scroll of vulnerability
 x - 4 scrolls of identify
 L - a scroll of amnesia
 M - a scroll of blinking
Potions
 g - 3 potions of lignification
 i - a potion of mutation
 l - 2 potions of attraction
 n - a potion of ambrosia
 p - a potion of resistance
 q - 7 potions of curing
 s - a potion of flight {unknown}
 u - 7 potions of heal wounds
 z - a potion of brilliance
 I - a potion of invisibility
 J - a potion of might {unknown}
 R - a potion of magic


   Skills:
 - Level 8.0 Fighting
 - Level 4.0 Maces & Flails
 * Level 7.3 Dodging
 - Level 4.0 Stealth
 * Level 3.5 Shields
 - Level 4.0 Spellcasting
 * Level 8.9 Conjurations
 - Level 4.0 Transmutations
 + Level 13.2 Earth Magic


You had 10 spell levels left.
You knew the following spells:

 Your Spells              Type           Power      Damage    Failure   Level
a - Sandblast             Erth           100%       2d20      1%          1
b - Stone Arrow           Conj/Erth      96%        3d13      1%          3
c - Petrify               Tmut/Erth      38%        N/A       3%          4
d - Magic Dart            Conj           100%       1d8       1%          1

Your spell library contained the following spells:

 Spells                   Type           Power      Damage    Failure   Level
 Passwall                 Tmut/Erth      31%        N/A       1%          2
 Mephitic Cloud           Conj/Pois/Air  15%        N/A       12%         3
 Necrotise                Necr           16%        1d4       13%         1
 Spider Form              Tmut/Pois      12%        N/A       17%         3
 Call Imp                 Summ           8%         N/A       19%         2
 Ensorcelled Hibernation  Hex/Ice        8%         N/A       19%         2
 Scorch                   Fire           8%         2d5       19%         2
 Flame Wave               Conj/Fire      21%        2d8       21%         4
 Swiftness                Air            4%         N/A       36%         3
 Vampiric Draining        Necr           4%         2d6       36%         3
 Anguish                  Hex/Necr       2%         N/A       77%         4
 Agony                    Necr           4%         N/A       98%         5
 Summon Cactus Giant      Summ           2%         N/A       100%        6


Dungeon Overview and Level Annotations

Branches:
Dungeon (10/15)            Temple (1/1) D:6            Lair (1/5) D:9
  IceCv (1/1)
    Orc: D:9-12

Altars:
Ashenzari
Cheibriados
Dithmenos
Elyvilon
Fedhas
Gozag
Hepliaklqana
Kikubaaqudgha
Makhleb
Nemelex Xobeh
Okawaru
Qazlal
Ru
Sif Muna
Trog
Uskayaw
Vehumet
Wu Jian
Xom
Yredelemnul
Zin
The Shining One

Shops:
D:1 !

Annotations:
IceCv exclusion: 2 ice statues


Innate Abilities, Weirdness & Mutations

You are immune to sickness and miasma.
Your stone body is resilient. (AC +8)
You are immune to poison.
You resist negative energy. (rN+)
You are resistant to electric shocks. (rElec)
You are resistant to unholy torment.
You are immune to petrification.


Message History

Aiming: Sandblast (safe; 1% risk of failure)
Press: ? - help, Shift-Dir - straight line, f - ice beast
Aim: an ice beast (summoned, 85% to hit)
The blast of sand hits the ice beast!
The ice beast is severely wounded.
The ice beast closely misses you.
The ice beast hits you but does no damage.
Casting: Sandblast (safe; 1% risk of failure)
Confirm with . or Enter, or press ? or * to list all spells.
Aiming: Sandblast (safe; 1% risk of failure)
Press: ? - help, Shift-Dir - straight line, f/p - ice beast
Aim: an ice beast (severely wounded, summoned, 85% to hit)
The blast of sand hits the ice beast!
You kill the ice beast!
The ice beast disappears in a puff of smoke!
The ice beast hits you but does no damage.
Casting: Sandblast (safe; 1% risk of failure)
Confirm with . or Enter, or press ? or * to list all spells.
Aiming: Sandblast (safe; 1% risk of failure)
Press: ? - help, Shift-Dir - straight line, f - ice beast
Aim: an ice beast (blue smoke, summoned, 85% to hit)
The blast of sand hits the ice beast!!
The ice beast is almost dead.
The ice beast hits you but does no damage.
The ice beast hits you. The ice beast freezes you!
* * * LOW HITPOINT WARNING * * *
The ice beast closely misses you.
Unknown command.
Casting: Sandblast (safe; 1% risk of failure)
Confirm with . or Enter, or press ? or * to list all spells.
Aiming: Sandblast (safe; 1% risk of failure)
Press: ? - help, Shift-Dir - straight line, f/p - ice beast
Aim: an ice beast (almost dead, summoned, 85% to hit)
The blast of sand hits the ice beast but does no damage.
The ice beast is almost dead.
The ice beast hits you.
* * * LOW HITPOINT WARNING * * *
The ice beast freezes you!
You die...
Your body crumbles into a pile of gold.

### ##..# #....# ......#
........# #### ........8
#### ##..##
........####..#####....##
.........##@...##.......#
..........YY#.......∩.∩.#
............###..........#
#.........####....##....##
........## ##.######..##
#.......8# #...# ####
#.......## ##.## ##.....##
#..# #.....# ##.##


You could see 2 ice beasts.

Vanquished Creatures
  Pikel (D:8)
  An ugly thing (D:9)
  3 kobold demonologists (D:10)
  2 rime drakes (IceCv)
  2 trolls (D:9)
  A vampire (D:10)
  Sigmund (D:2)
  A shadow (D:9)
  A wyvern (D:7)
  14 yaks
  5 steam dragons
  A water moccasin (D:7)
  2 orc warriors
  A sky beast (D:7)
  5 ice beasts
  The ghost of superbruh the Trooper, an amateur GnWn of Gozag (D:3)
  A black bear (D:6)
  2 ogres
  A centaur (D:5)
  2 wolves (D:9)
  A lemure (D:8)
  2 kobold brigands
  A bullfrog (D:8)
  2 scorpions
  10 wights
  An elephant simulacrum (Lair:1)
  4 lindwurm simulacra (IceCv)
  10 killer bees
  3 electric eels (D:9)
  A komodo dragon simulacrum (IceCv)
  4 hounds
  An orc priest (D:3)
  5 jellies
  2 sleepcaps
  2 iguanas
  2 orc wizards
  Robin (D:2)
  4 adders
  An acid dragon simulacrum (IceCv)
  A white imp (D:7)
  6 steam dragon simulacra (IceCv)
  A worm (D:2)
  5 dart slugs (D:1)
  25 orcs
  8 ball pythons
  2 bats
  7 endoplasms
  6 giant cockroaches
  14 goblins
  15 hobgoblins
  2 jackals (D:3)
  7 quokkas
  2 frilled lizards (D:1)
  21 kobolds
  11 rats
238 creatures vanquished.

Notes
Turn   | Place    | Note
-------+----------+-------------------------------------------
     0 | D:1      | sweetbreads the Gargoyle Earth Elementalist began the quest
                  | for the Orb.
     0 | D:1      | Reached XP level 1. HP: 10/10 MP: 3/3
   257 | D:2      | Reached XP level 2. HP: 15/15 MP: 3/5
   306 | D:1      | Found Wuthreiff's Distillery.
   354 | D:1      | Reached skill level 4 in Earth Magic
   380 | D:1      | Reached skill level 1 in Transmutations
   474 | D:2      | Noticed Robin
   524 | D:1      | Reached XP level 3. HP: 17/20 MP: 2/6
   628 | D:2      | Killed Robin
   629 | D:2      | Reached skill level 1 in Fighting
   701 | D:1      | Learned a level 3 spell: Stone Arrow
   837 | D:1      | Reached skill level 1 in Conjurations
   839 | D:1      | Learned a level 1 spell: Magic Dart
   953 | D:1      | Reached XP level 4. HP: 19/25 MP: 0/7
  1407 | D:3      | Noticed superbruh's ghost (amateur GnWn)
  1407 | D:3      | Found a large runed translucent door.
  1407 | D:3      | Found a large runed translucent door.
  1843 | D:2      | Noticed Sigmund
  2114 | D:4      | Found a hide-covered altar of Uskayaw.
  2167 | D:4      | Found a sacrificial altar of Ru.
  2189 | D:4      | Found a shimmering blue altar of Sif Muna.
  2211 | D:3      | Reached skill level 5 in Earth Magic
  2211 | D:3      | Reached XP level 5. HP: 29/29 MP: 2/8
  2458 | D:1      | Bought a potion of heal wounds for 60 gold pieces
  2458 | D:1      | Bought a potion of curing for 36 gold pieces
  3195 | D:5      | Entered Level 5 of the Dungeon
  3206 | D:5      | Found a sparkling altar of Nemelex Xobeh.
  3250 | D:4      | Noticed an ogre
  3258 | D:4      | Killed an ogre
  3259 | D:4      | Reached XP level 6. HP: 35/35 MP: 5/9
  3293 | D:4      | Found a broken altar of Ashenzari.
  3520 | D:4      | Found a stormy altar of Qazlal.
  3982 | D:4      | Found a shadowy altar of Dithmenos.
  3992 | D:4      | Found an ancient bone altar of Kikubaaqudgha.
  4383 | D:5      | Reached skill level 6 in Earth Magic
  4495 | D:6      | Reached XP level 7. HP: 38/40 MP: 3/10
  4819 | D:4      | Learned a level 4 spell: Petrify
  5422 | D:7      | Noticed a wyvern
  5489 | D:6      | Found a staircase to the Ecumenical Temple.
  5509 | Temple   | Entered the Ecumenical Temple
  5703 | Temple   | Became a worshipper of Gozag Ym Sagoz the Greedy
  5769 | D:6      | Reached skill level 7 in Earth Magic
  5897 | D:6      | Reached XP level 8. HP: 18/46 MP: 7/11
  6165 | D:6      | Reached skill level 1 in Maces & Flails
  6219 | D:6      | Reached skill level 8 in Earth Magic
  6270 | D:7      | Killed a wyvern
  6399 | D:7      | Reached skill level 9 in Earth Magic
  6432 | D:7      | Reached XP level 9. HP: 37/52 MP: 2/12
  6961 | D:8      | Noticed Pikel
  7000 | D:7      | Reached skill level 10 in Earth Magic
  7331 | D:8      | Reached skill level 11 in Earth Magic
  7573 | D:8      | Killed Pikel
  7574 | D:8      | Reached XP level 10. HP: 58/58 MP: 1/13
  8108 | D:1      | Bought 2 potions of heal wounds for 120 gold pieces
  8108 | D:1      | Bought a potion of magic for 96 gold pieces
  8108 | D:1      | Bought a potion of degeneration for 12 gold pieces
  8121 | D:1      | Reached XP level 11. HP: 68/68 MP: 14/14
  8275 | D:2      | Killed Sigmund
  8406 | D:3      | Killed superbruh's ghost
  8851 | D:6      | Identified the +1 ring mail of the Cuttlefish {rPois Int-5
                  | Dex-2 SInv}
  9310 | D:8      | Noticed a boulder beetle
  9688 | D:8      | Reached skill level 1 in Shields
  9736 | D:8      | Reached skill level 12 in Earth Magic
  9928 | D:9      | Found a staircase to the Lair.
  9959 | D:10     | Entered Level 10 of the Dungeon
 10181 | D:9      | Noticed a purple ugly thing
 10210 | D:9      | Killed a purple ugly thing
 10559 | D:9      | Noticed a six-headed hydra
 10868 | D:10     | Noticed a manticore
 11453 | D:10     | Reached skill level 13 in Earth Magic
 11653 | Lair:1   | Entered Level 1 of the Lair of Beasts
 11709 | Lair:1   | Found a frozen archway.
 11722 | IceCv    | Entered an ice cave
 11945 | IceCv    | Reached XP level 12. HP: 73/73 MP: 13/18
 12150 | IceCv    | Identified the +7 rapier of Nohahu Zeter {flame, +Blink}
 12413 | IceCv    | Slain by an ice beast

Illustrated notes

Levels and vault maps discovered:
D:1:      dpeg_arrival_tiny_i, layout_basic, serial_shops, shop_fountains,
          grunt_decor_arrowhead, minmay_misc_feat_plants, serial_bayou_ford_a,
          minmay_tromino_v2
D:2:      layout_loops_ring, uniq_robin, uniq_sigmund
D:3:      layout_loops_ring, ebering_ghost_disaster_area, skrybe_limestone_x,
          minivault_23, minmay_checkerbox
D:4:      layout_gridville, nicolae_overflow_hidden_temple,
          mainiacjoe_overflow_large_starburst, mainiacjoe_overflow_alcove_2
D:5:      layout_cave_pools, kennysheep_mini_moat, minivault_27, hex_tiny,
          dreamdust_princess_bridge
D:6:      layout_loops_corners, minmay_temple_entry_antechambers, minivault_25
D:7:      layout_cave_pools, enter_bailey_3
D:8:      layout_loops_ring, uniq_pikel
D:9:      layout_loops_ring, erik_lair_island, minmay_radiant
D:10:     layout_grid_maze, amethyst_killhole, roderic_filled_cross,
          minivault_16
Temple:   eino_narrow_crystal_temple
Lair:1:   layout_regular_city, portal_ice_cave_entry_ice_simulacra,
          chequers_serial_rivers_room_a
IceCv:    ice_cave_small_dragons

Skill      XL: |  1  2  3  4  5  6  7  8  9 10 11 |
---------------+----------------------------------+-----
Earth Magic    | 4 5 6 7 9 11 13 | 13.2
Transmutations | 1 2 3 4 |  4.0
Fighting       | 1 2 3 4 8 |  8.0
Conjurations   | 1 2 4 8 |  8.9
Dodging        | 2 3 4 6 7 |  7.3
Stealth        | 3 4 |  4.0
Maces & Flails | 2 3 4 |  4.0
Shields        | 3 |  3.5
Spellcasting   | 4 |  4.0

Action                     |  1- 3 |  4- 6 |  7- 9 | 10-12 || total
---------------------------+-------+-------+-------+-------++-------
  Melee: Mace              |    11 |    38 |    10 |       ||    59
         Flail             |       |       |     6 |       ||     6
         Punch             |       |       |     1 |       ||     1
         Whip              |       |       |       |    23 ||    23
  Throw: Dart              |     2 |     3 |     2 |       ||     7
   Cast: Sandblast         |    40 |    77 |   173 |   175 ||   465
         Magic Dart        |     5 |    42 |    26 |    72 ||   145
         Petrify           |       |       |     1 |     2 ||     3
    Use: Potion            |       |       |     1 |     1 ||     2
         Scroll            |       |       |    14 |     6 ||    20
   Stab: Sleeping          |       |     1 |       |       ||     1
         Petrified         |       |       |     6 |       ||     6
 Armour: Robe              |     6 |    39 |    45 |    70 ||   160
  Dodge: Dodged            |    20 |    41 |    56 |   114 ||   231
  Block: Other             |    11 |    15 |    19 |    37 ||    82
         Reflection        |       |     1 |       |     2 ||     3
